 Dungeon Crawl Stone Soup version 0.29.1-2-gbd0b4ee654 (webtiles) character file.

Game seed: 13607653082694713349

44 Sabo the Chopper (level 3, -4/29 HPs)
             Began as a Demonspawn Berserker on Nov 18, 2022.
             Was a Believer of Trog.
             Killed from afar by Terence (11 damage)
             ... with a bolt of light
             ... on level 2 of the Dungeon.
             The game lasted 00:07:51 (1438 turns).

Sabo the Chopper (Demonspawn Berserker)             Turns: 1438, Time: 00:07:51

Health: -4/29      AC: 14    Str: 19    XL:     3   Next: 39%
Magic:  3/3        EV: 11    Int:  8    God:    Trog [**....]
Gold:   87         SH:  0    Dex: 12    Spells: 2/2 levels left

rFire   . . .      SeeInvis .   a - +0 hand axe
rCold   . . .      Faith    .   (no shield)
rNeg    . . .      Spirit   .   k - +0 ring mail
rPois   .          Reflect  .   (no helmet)
rElec   .          Harm     .   (no cloak)
rCorr   .          Rampage  .   d - +1 pair of gloves
Will    .....                   j - +2 pair of boots
Stlth   +.........              (no amulet)
HPRegen 0.09/turn               e - +4 ring of protection
MPRegen 0.08/turn               (no ring)

@: on berserk cooldown, slowed, very slow
A: foul stench 1, powered by pain 1
a: Renounce Religion, Berserk, Trog's Hand


You were on level 2 of the Dungeon.
You worshipped Trog.
Trog was pleased with you.
You visited 1 branch of the dungeon, and saw 2 of its levels.

You collected 87 gold pieces.

Inventory:

Hand Weapons
 a - a +0 hand axe (weapon)
Armour
 d - a +1 pair of gloves (worn)
 j - a +2 pair of boots (worn)
 k - a +0 ring mail (worn)
Jewellery
 e - a +4 ring of protection (left hand)
Scrolls
 h - a scroll of poison {unknown}
 l - a scroll of blinking {unknown}
Potions
 b - a potion of might {unknown}
 c - a potion of degeneration {unknown}
 f - a potion of mutation {unknown}
 i - a potion of heal wounds {unknown}


   Skills:
 + Level 3.3 Fighting
 + Level 3.4 Axes
 + Level 2.0 Armour
 + Level 2.1 Dodging
 + Level 0.2 Stealth


You had 2 spell levels left.
You didn't know any spells.
Your spell library was empty.

Dungeon Overview and Level Annotations

Branches:
Dungeon (2/15)

Altars:

Shops:
D:2 *

Annotations:
D:2 Terence


Innate Abilities, Weirdness & Mutations

You may rarely emit foul miasma when damaged in melee.
You sometimes gain a little power by taking damage.


Message History

Terence zaps a wand.
The bolt of light hits you but does no damage.
You are confused.
You bump into the rock wall.
Terence barely misses you.
You feel a strong urge to attack something.
Things that are here:
a +0 whip; a quokka corpse; a kobold corpse Terence zaps a wand.
The bolt of light misses you.
Things that are here:
a +0 dagger; a +0 sling You bump into the rock wall.
You feel your anger nearly subside.
You are no longer berserk.
You are exhausted.
You feel yourself slow down. Terence barely misses you.
You hit Terence.
Terence is moderately wounded.
You feel less confused. Terence barely misses you.
You barely miss Terence.
Terence is moderately wounded.
Terence hits you with a +2 flail of protection.
Terence says, "You're history."
Terence hits you with a +2 flail of protection.
You hit Terence but do no damage.
Terence is moderately wounded.
Terence completely misses you.
Terence zaps a wand.
The bolt of light misses you.
You barely miss Terence.
Terence is moderately wounded.
Terence closely misses you.
You hit Terence.
Terence is moderately wounded.
Terence zaps a wand.
The bolt of light misses you.
Terence hits you with a +2 flail of protection.
* * * LOW HITPOINT WARNING * * *
You hit Terence but do no damage.
Terence is moderately wounded.
Terence hits you but does no damage.
Terence zaps a wand.
The bolt of light hits you!
You die...

.......
......... ###
###.#.......
...
....@.......
#.. #...
....... #.##..#
.......
#..#..##.......
#...##<....>..
#..@@).#>.....
...$..#..###
.[...
...........
...#
........#....
#..
∩...###........
# ... #........
.. .........
........#


You could see Terence.

Vanquished Creatures
  A gnoll (D:1)
  2 endoplasms
  2 giant cockroaches (D:1)
  3 goblins
  3 hobgoblins (D:1)
  4 jackals (D:1)
  3 kobolds
  A quokka (D:2)
  4 ball pythons (D:1)
  2 bats (D:1)
  3 frilled lizards (D:1)
  3 rats
31 creatures vanquished.

Notes
Turn   | Place    | Note
-------+----------+-------------------------------------------
     0 | D:1      | Sabo the Demonspawn Berserker began the quest for the Orb.
     0 | D:1      | Reached XP level 1. HP: 18/18 MP: 1/1
   241 | D:1      | Gained mutation: You sometimes gain a little power by
                  | taking damage. [demonic ancestry]
   241 | D:1      | Reached XP level 2. HP: 22/24 MP: 2/2
   587 | D:1      | Found a faded altar of an unknown god.
   927 | D:1      | Gained mutation: You may rarely emit foul miasma when
                  | damaged in melee. [demonic ancestry]
   927 | D:1      | Reached XP level 3. HP: 29/29 MP: 3/3
  1293 | D:1      | Reached ** piety under Trog
  1394 | D:2      | Noticed Terence
  1396 | D:2      | Found Meiwiept's General Store.
  1438 | D:2      | Killed from afar by Terence

Illustrated notes

Levels and vault maps discovered:
D:1:      nicolae_arrival_somewhat_less_tricky_arrival, layout_loops_ring,
          hellmonk_ecumenical_altar_arch_garden, minmay_tree_intersection,
          hangedman_decor_points
D:2:      layout_rooms, serial_shops, shop, uniq_terence

Skill      XL: |  1  2  3 |
---------------+----------+-----
Axes           | 3 |  3.4
Armour         | 2 |  2.0
Dodging        | 2 |  2.1
Fighting       | |  3.3
Stealth        | |  0.2

Action                   || total
-------------------------++-------
Melee: Hand axe          ||    92
Invok: Berserk           ||     2
  Use: Scroll            ||     2
 Stab: Sleeping          ||     2
Armor: Animal skin       ||    37
       Ring mail         ||    11
Dodge: Dodged            ||    64
